 Dungeon Crawl Stone Soup version 0.29-a0-813-g4a14ea37d6 (webtiles) character file.

Game seed: 13724829037018354506

58 LynnLen the Sneak (level 3, -3/19 HPs)
             Began as a Vampire Enchanter on July 4, 2022.
             Slain by Grinder (8 damage)
             ... on level 3 of the Dungeon.
             The game lasted 00:08:00 (2244 turns).

LynnLen the Sneak (Vampire Enchanter)               Turns: 2244, Time: 00:08:00

Health: -3/19      AC:  3    Str:  7    XL:     3   Next: 75%
Magic:  3/6        EV: 12    Int: 17    God:
Gold:   158        SH:  0    Dex: 16    Spells: 0/6 levels left

rFire   . . .      SeeInvis +   f - +2 short sword (venom)
rCold   + + .      Faith    .   (no shield)
rNeg    + + +      Spirit   .   m - +0 leather armour
rPois   ∞          Reflect  .   (no helmet)
rElec   .          Harm     .   (no cloak)
rCorr   .          Rampage  .   (no gloves)
Will    .....                   (no boots)
Stlth   +++++.....              (no amulet)
HPRegen 0.00/turn               (no ring)
MPRegen 0.10/turn               (no ring)

@: bloodless, inhibited regen
A: bloodless, fangs 3, see invisible, vampiric 2
a: Bat Form, Revivify


You were on level 3 of the Dungeon.
You visited 1 branch of the dungeon, and saw 3 of its levels.

You collected 158 gold pieces.

Inventory:

Hand Weapons
 f - a +2 short sword of venom (weapon)
Missiles
 j - 4 poisoned darts (quivered)
Armour
 m - a +0 leather armour (worn)
 n - a +0 buckler
Scrolls
 g - a scroll of vulnerability {unknown}
 h - a scroll of fear {unknown}
 i - 2 scrolls of fog {unknown}
 o - a scroll of enchant armour {unknown}
Potions
 a - a potion of lignification
 b - 2 potions of heal wounds {unknown}
 c - 3 potions of invisibility
 d - a potion of haste {unknown}
 e - 2 potions of curing
 k - a potion of brilliance
 l - a potion of mutation {unknown}
 p - a potion of might {unknown}


   Skills:
 + Level 1.5 Short Blades
 * Level 2.5 Dodging
 * Level 5.9 Stealth
 + Level 2.0 Spellcasting
 + Level 5.3 Hexes


You couldn't memorise any spells.
You knew the following spells:

 Your Spells              Type           Power      Damage    Failure   Level
a - Confusing Touch       Hex            19%        N/A       10%         3
b - Tukima's Dance        Hex            19%        N/A       10%         3

Your spell library contained the following spells:

 Spells                   Type           Power      Damage    Failure   Level
 Ensorcelled Hibernation  Hex/Ice        20%        N/A       14%         2
 Dazzling Flash           Conj/Hex       20%        N/A       28%         3
 Malign Gateway           Summ/Tloc      0%         N/A       100%        7
 Summon Horrible Things   Summ           0%         N/A       100%        8


Dungeon Overview and Level Annotations

Branches:
Dungeon (3/15)

Altars:

Annotations:
D:3 Grinder


Innate Abilities, Weirdness & Mutations

You do not regenerate when monsters are visible.
You are frail without blood (-20% HP).
You can heal yourself when you bite living creatures.
You are immune to poison.
You have razor-sharp teeth.
You have supernaturally acute eyesight. (SInv)
You are afflicted with vampirism and can become a bat while bloodless.


Message History

There is a stone staircase leading up here.
Found 4 gold pieces.
You now have 154 gold pieces (gained 8).
You now have 158 gold pieces (gained 4).
p - a fuming white potion
Found 8 stones.
You see here 8 stones.
Found 8 stones.
Found a ring mail.
Found a stone staircase leading up.
An orc comes into view. It is wielding a +4 whip.
Found 18 gold pieces.
An orc comes into view. It is wielding a +0 short sword.
Grinder comes into view.
You see here a +0 ring mail.
The helpless orc fails to defend itself.
You bite the orc, and draw its blood! You impale the orc!!
You kill the orc!
Grinder shouts!
The orc shouts!
Grinder blinks!
Casting: Confusing Touch (extremely dangerous; 10% risk of failure)
Confirm with . or Enter, or press ? or * to list all spells.
The spell is extremely dangerous to miscast (10% risk of failure)!
Continue anyway?
Your hands begin to glow red.
The orc hits you with a +0 short sword.
You hit Grinder but do no damage.
Grinder appears confused.
You punch Grinder, but do no damage. The orc closely misses you.
Grinder closely misses you.
Grinder barely misses herself.
You catch the helpless Grinder completely off-guard!
You puncture Grinder! Your bite misses Grinder.
Grinder is moderately wounded.
The orc closely misses you.
You catch the helpless Grinder completely off-guard!
You puncture Grinder!
Grinder is heavily wounded.
The orc hits you with a +0 short sword. Grinder hits you!
You hit Grinder but do no damage. Your bite misses Grinder.
Grinder is heavily wounded.
The orc hits you with a +0 short sword.
* * * LOW HITPOINT WARNING * * *
Grinder hits you!
You die...

#....$... ....#
##......# ....##
..(.....###.....#
#..............
#.#........#.#
#.##....[.)..#
######.#....##.##...#
.........##.##..## .#
######.####.###o@#
............5#
............##.#
#.........#####.#
#..<......# #..
#.........# ####
###########


You could see Grinder (confused) and an orc.

Vanquished Creatures
  An adder (D:2)
  A worm (D:2)
  2 orcs
  8 ball pythons
  5 endoplasms
  A giant cockroach (D:2)
  2 goblins (D:2)
  3 hobgoblins
  4 kobolds
  2 quokkas
  6 bats
  2 frilled lizards (D:1)
  6 rats
43 creatures vanquished.

Notes
Turn   | Place    | Note
-------+----------+-------------------------------------------
     0 | D:1      | LynnLen the Vampire Enchanter began the quest for the Orb.
     0 | D:1      | Reached XP level 1. HP: 13/13 MP: 3/3
   119 | D:1      | Found a faded altar of an unknown god.
   193 | D:1      | Reached XP level 2. HP: 12/15 MP: 5/5
   214 | D:1      | Reached skill level 5 in Hexes
   524 | D:1      | Reached skill level 5 in Stealth
  1370 | D:2      | Gained mutation: You are afflicted with vampirism and can
                  | become a bat while bloodless. [Vampire growth]
  1370 | D:2      | Reached XP level 3. HP: 19/19 MP: 6/6
  1374 | D:2      | Learned a level 3 spell: Confusing Touch
  1378 | D:2      | Learned a level 3 spell: Tukima's Dance
  2233 | D:3      | Noticed Grinder
  2244 | D:3      | Slain by Grinder

Illustrated notes

Levels and vault maps discovered:
D:1:      saegor_arrival_simple_d, layout_loops_ring,
          hellmonk_ecumenical_altar_crossroads, minmay_shallow_snake_nest
D:2:      minmay_alternating_diamond, layout_basic
D:3:      layout_rooms, grunt_temple_overflow_open, uniq_ijyb, uniq_grinder

Skill      XL: |  1  2 |
---------------+-------+-----
Hexes          | 5 |  5.3
Stealth        | 5 |  5.9
Short Blades   | |  1.5
Dodging        | |  2.5
Spellcasting   | |  2.0

Action                   || total
-------------------------++-------
Melee: Short sword       ||    62
       Dagger            ||     3
       Bite              ||     2
       Punch             ||     1
 Cast: Confusing Touch   ||     2
 Abil: Exsanguinate      ||     1
  Use: Scroll            ||     3
 Stab: Sleeping          ||    19
       Distracted        ||     1
       Confused          ||     2
Armor: Robe              ||     4
       Leather armour    ||     2
Dodge: Dodged            ||    25
Block: Buckler           ||     1

Table legend: (Time is in decaauts)
 A = Elapsed time spent in this place.
 B = Non-inter-level travel time spent in this place.
 C = Inter-level travel time spent in this place.
 D = Time resting spent in this place.
 E = Time spent auto-exploring this place.
 F = Levels seen in this place.
 G = Mean time per level.
                   A        B        C        D        E       F      G
               +--------+--------+--------+--------+--------+-----+--------+
         Total |   2245 |   2245 |      0 |    303 |   1166 |   3 |  748.3 |
       Dungeon |   2245 |   2245 |      0 |    303 |   1166 |   3 |  748.3 |
               +--------+--------+--------+--------+--------+-----+--------+

Top non-repeatable levels by time:
     D:1: 1274 daAuts
     D:2: 875 daAuts
     D:3: 96 daAuts
